 Dungeon Crawl Stone Soup version 0.30-a0-760-g5a9884bb7c (webtiles) character file.

Game seed: 9241079656306243364

63 bande the Shield-Bearer (level 4, -5/28 HPs)
             Began as a Gargoyle Fighter on Feb 11, 2023.
             Killed from afar by a white imp (10 damage)
             ... with a puff of frost
             ... summoned by Natasha
             ... on level 2 of the Dungeon.
             The game lasted 00:01:33 (939 turns).

bande the Shield-Bearer (Gargoyle Fighter)           Turns: 939, Time: 00:01:34

Health: -5/28      AC: 10    Str: 19    XL:     4   Next: 9%
Magic:  4/4        EV:  9    Int:  9    God:
Gold:   79         SH:  4    Dex: 11    Spells: 3/3 levels left

rFire   . . .      SeeInvis .    a - +0 war axe
rCold   . . .      Faith    .    c - +0 buckler
rNeg    + . .      Spirit   .    b - +0 scale mail
rPois   ∞          Reflect  .    (no helmet)
rElec   +          Harm     .    (no cloak)
rCorr   .          Rampage  .    (no gloves)
Will    .....                    (no boots) Stlth
                                 (no amulet)
HPRegen 0.24/turn                (no ring)
MPRegen 0.09/turn                (no ring)

@: no status effects
A: sickness immunity, AC +3, negative energy resistance 1, electricity
resistance, torment resistance 1, petrification resistance
a: no special abilities


You were on level 2 of the Dungeon.
You visited 1 branch of the dungeon, and saw 2 of its levels.

You collected 79 gold pieces.

Inventory:

Hand Weapons
 a - a +0 war axe (weapon)
Armour
 b - a +0 scale mail (worn)
 c - a +0 buckler (worn)
Jewellery
 h - an amulet of guardian spirit
Scrolls
 e - a scroll of fog {unknown}
 f - 2 scrolls of identify {unknown}
Potions
 d - a potion of might
 g - 2 potions of curing {unknown}


   Skills:
 + Level 3.6 Fighting
 + Level 2.7 Axes
 + Level 3.7 Armour
 - Level 0.3 Dodging
 + Level 3.9 Shields


You had 3 spell levels left.
You didn't know any spells.
Your spell library contained the following spells:

 Spells                   Type           Power      Damage    Failure   Level
 Ozocubu's Armour         Ice            0%         N/A       99%         3
 Metabolic Englaciation   Hex/Ice        0%         N/A       100%        5
 Simulacrum               Ice/Necr       0%         N/A       100%        6


Dungeon Overview and Level Annotations

Branches:
Dungeon (2/15)

Altars:

Annotations:
D:2 Jessica, Natasha


Innate Abilities, Weirdness & Mutations

You are immune to sickness and miasma.
Your stone body is resilient. (AC +3)
You are immune to poison.
You resist negative energy. (rN+)
You are resistant to electric shocks. (rElec)
You are resistant to unholy torment.
You are immune to petrification.


Message History

The goblin attacks as you move away!
The goblin hits you but does no damage. x2
The goblin hits you but does no damage. x2
Items here: ))) †.
You closely miss the goblin.
The goblin is heavily wounded.
You hit the goblin.
You kill the goblin!
The goblin hits you but does no damage.
You barely miss the goblin.
The goblin is heavily wounded.
The goblin hits you but does no damage.
Jessica casts a spell.
Jessica blinks!
You slash the goblin!
You kill the goblin!
Natasha, Servant of Life and Death comes into view.
Natasha hisses angrily.
Natasha stares at you and mumbles some strange words.
The magic dart hits you but does no damage.
You see here a +0 club.
Jessica mumbles some strange words.
Jessica blinks!
Natasha mumbles some strange words.
Natasha claws you! The shadow imp barely misses you.
Natasha claws you but does no damage. Jessica hits you but does no damage.
Natasha mumbles some strange words.
Jessica gestures wildly while chanting.
Jessica blinks!
Jessica hits you but does no damage.
You hit the shadow imp.
The shadow imp is severely wounded.
You hit Jessica but do no damage.
Jessica casts a spell.
Jessica blinks!
The shadow imp hits you. Natasha claws you. You block the shadow imp's attack.
Natasha claws you!
* * * LOW HITPOINT WARNING * * *
The shadow imp attacks as you move away!
The shadow imp barely misses you. The white imp gestures at you.
The puff of frost hits you!
You die...

#......).).##.#.....#.
#.....)))..##.......#.
##..............>.....
##....[...######......
#..........# #..###.
#..........# .... #.
#..........# ..
#....5h5...# ##
#....@.....# #
##)............
##............
#####...#.### ......#
....... ....##..
.....# ##


You could see Natasha, a white imp (summoned) and a shadow imp (summoned).

Vanquished Creatures
  Robin (D:2)
  2 dart slugs (D:1)
  A ball python (D:2)
  2 endoplasms (D:1)
  2 giant cockroaches
  10 goblins (D:2)
  6 hobgoblins
  3 kobolds
  A quokka (D:1)
  7 bats
  3 frilled lizards (D:1)
  6 rats
44 creatures vanquished.

Vanquished Creatures (others)
  A withered plant (D:1)
1 creature vanquished.

Grand Total: 45 creatures vanquished

Notes
Turn   | Place    | Note
-------+----------+-------------------------------------------
     0 | D:1      | bande the Gargoyle Fighter began the quest for the Orb.
     0 | D:1      | Reached XP level 1. HP: 14/14 MP: 1/1
   164 | D:1      | Reached XP level 2. HP: 19/19 MP: 2/2
   335 | D:1      | You fall into a shaft and drop 1 floor!
   443 | D:2      | Reached XP level 3. HP: 23/23 MP: 3/3
   533 | D:1      | Found a faded altar of an unknown god.
   908 | D:2      | Noticed Robin
   916 | D:2      | Killed Robin
   917 | D:2      | Reached XP level 4. HP: 25/28 MP: 4/4
   921 | D:2      | Noticed Jessica
   929 | D:2      | Noticed Natasha
   939 | D:2      | Killed from afar by a white imp

Illustrated notes

Levels and vault maps discovered:
D:1:      arrival_zaba_pyramid, layout_loops_ring,
          shapermc_ecumenical_altar_flowoftime
D:2:      layout_rooms, uniq_robin, uniq_natasha, uniq_jessica

Skill      XL: |  1  2 |
---------------+-------+-----
Axes           | 2 |  2.7
Fighting       | |  3.6
Armour         | |  3.7
Dodging        | |  0.3
Shields        | |  3.9

Action                     |  1- 3 |  4- 6 || total
---------------------------+-------+-------++-------
  Melee: War axe           |    75 |     6 ||    81
 Armour: Scale mail        |    71 |    14 ||    85
  Dodge: Dodged            |    45 |     7 ||    52
  Block: Buckler           |    28 |     4 ||    32

Table legend: (Time is in decaauts)
 A = Elapsed time spent in this place.
 B = Non-inter-level travel time spent in this place.
 C = Inter-level travel time spent in this place.
 D = Time resting spent in this place.
 E = Time spent auto-exploring this place.
 F = Levels seen in this place.
 G = Mean time per level.
                   A        B        C        D        E       F      G
               +--------+--------+--------+--------+--------+-----+--------+
         Total |    973 |    973 |      0 |      0 |    690 |   2 |  486.5 |
       Dungeon |    973 |    973 |      0 |      0 |    690 |   2 |  486.5 |
               +--------+--------+--------+--------+--------+-----+--------+

Top non-repeatable levels by time:
     D:1: 751 daAuts
     D:2: 222 daAuts
